 Dungeon Crawl Stone Soup version 0.17.0-56-gd8de76c (webtiles) character file.

654 lucasterio the Conjurer (level 7, -11/41 HPs)
             Began as a High Elf Wizard on Dec 4, 2015.
             Mangled by Pikel
             ... wielding a +0 whip of electrocution
              (19 damage)
             ... on level 4 of the Dungeon.
             The game lasted 00:18:56 (4766 turns).

lucasterio the Conjurer (High Elf Wizard)           Turns: 4766, Time: 00:18:56

Health: -11/41     AC:  2    Str:  6    XL:     7   Next: 29%
Magic:  10/17      EV: 12    Int: 24    God:
Gold:   186        SH:  0    Dex: 14    Spells: 5 memorised, 6 levels left

rFire  . . .     SeeInvis +     y - +1 dagger (speed)
rCold  . . .     Clarity  .     a - +0 robe
rNeg   . . .     SustAt   .     (no shield)
rPois  .         Gourm    .     b - +0 hat
rElec  .         Spirit   .     g - +0 cloak
rCorr  .         Warding  .     A - -2 pair of gloves (curse)
rMut   .         Stasis   .     (no boots)
MR     .....                    (no amulet)
Stlth  ++........               (no ring)
                                s - ring of see invisible

@: not resistant to hostile enchantments, unstealthy
A: no striking features
a: no special abilities


You were on level 4 of the Dungeon.
You were very hungry.

You visited 1 branch of the dungeon, and saw 4 of its levels.

You collected 186 gold pieces.

Inventory:

Hand Weapons
 r - a +0 dagger of venom
 t - a +0 short sword
 y - a +1 dagger of speed (weapon)
Armour
 a - a +0 robe (worn)
 b - a +0 hat (worn)
 g - a +0 cloak (worn)
 A - a cursed -2 pair of gloves (worn)
Jewellery
 s - a ring of see invisible (left hand)
Scrolls
 h - a scroll of amnesia {unknown}
 j - 2 scrolls of fog {unknown}
 k - 5 scrolls of magic mapping {unknown}
 n - 5 scrolls of remove curse {unknown}
 p - 2 scrolls of teleportation {unknown}
 v - 2 scrolls of identify {unknown}
 B - 3 scrolls of enchant armour {unknown}
Potions
 e - 5 potions of curing {unknown}
 f - 3 potions of heal wounds {unknown}
 i - a potion of invisibility {unknown}
 m - 2 potions of agility {unknown}
 o - a potion of mutation {unknown}
 w - a potion of brilliance {unknown}
 x - a potion of lignification {unknown}
 z - a potion of ambrosia {unknown}
Books
 c - a book of Minor Magic

   Spells                             Type                      Level
   a - Magic Dart                     Conjuration                  1
   b - Blink                          Translocation                2
   c - Call Imp                       Summoning                    2
   d - Repel Missiles                 Charms/Air                   2
   e - Slow                           Hexes                        2
   f - Conjure Flame                  Conjuration/Fire             3
   g - Mephitic Cloud                 Conjuration/Poison/Air       3
 C - a book of Power

   Spells                             Type                      Level
   a - Fulminant Prism                Conjuration/Hexes            4
   b - Iskenderun's Mystic Blast      Conjuration                  4
   c - Venom Bolt                     Conjuration/Poison           5
   d - Bolt of Magma                  Conjuration/Fire/Earth       5
   e - Iron Shot                      Conjuration/Earth            6
   f - Orb of Destruction             Conjuration                  7
   g - Spellforged Servitor           Conjuration/Summoning        7
Comestibles
 d - 4 bread rations
 l - a slice of pizza
 u - 5 fruits


   Skills:
 - Level 2.1 Dodging
 - Level 2.1 Stealth
 + Level 6.2 Spellcasting
 * Level 7.1 Conjurations
 - Level 0.8 Summonings
 - Level 1.1 Translocations


You had 6 spell levels left.
You knew the following spells:

 Your Spells              Type           Power        Failure   Level  Hunger
a - Magic Dart            Conj           ####         1%          1    None
b - Blink                 Tloc           N/A          10%         2    None
c - Call Imp              Summ           ##......     12%         2    None
d - Mephitic Cloud        Conj/Pois/Air  ###.....     12%         3    None
e - Iskenderun's Mystic   Conj           #####...     4%          4    ###....


Dungeon Overview and Level Annotations

Branches:
Dungeon (4/15)
 Temple: D:4-7

Altars:
Gozag
Makhleb
Trog

Annotations:
D:4 Pikel


Message History

The magic dart hits Pikel.
Pikel is moderately wounded.
Pikel hits you with a whip of electrocution.
You are electrocuted!
* * * LOW HITPOINT WARNING * * *
Your crimson imp barely misses Pikel.
Casting: Magic Dart
Confirm with . or Enter, or press ? or * to list all spells.
Aiming: Magic Dart
Press: ? - help, Shift-Dir - straight line, f/p - Pikel
Aim: Pikel, wielding a whip of electrocution and wearing a robe (moderately wounded)
The magic dart hits Pikel.
Pikel is moderately wounded.
Pikel barely misses you.
Your crimson imp hits Pikel but does no damage.
You swap places.
Pikel hits you with a whip of electrocution.
* * * LOW HITPOINT WARNING * * *
You are electrocuted!
You die...

.......########p##.######
.................K......#
##.....#############.####
.......# #...K.p.......#
#......###K#########)#.#
...................#.#.#
##.....###.#######.#.#.#
##.....#.#..<..K5#.#.#.#
.....#.........#@#.#.#.#
####.#.#...#.#.#.#.#.#.#
...#.#...#.#.#.#.#.#.#.#
##.......#.#.#.#.#.#.#.#
.....#...#.#.#...#.#.#.#
###..#.#.#.#.#.###.#.#.#
#..#.#.#.#.#.# #.#.#.#
#..#.#.......# #.#.#.#
#..#.###.#.#.###.#.#.#


You could see Pikel and a friendly crimson imp.

Vanquished Creatures
  A slave (D:4)
  2 ogres
  A big kobold (D:4)
  A crimson imp (D:4)
  2 hounds
  An orc wizard (D:4)
  2 worker ants (D:4)
  Natasha (twice) (D:2)
  A gnoll (D:1)
  3 adders
  An ooze (D:3)
  6 worms
  4 giant geckos
  4 orcs
  2 giant cockroaches (D:2)
  9 goblins
  5 hobgoblins
  7 jackals
  2 quokkas
  7 bats
  3 giant newts
  13 kobolds
  5 rats
84 creatures vanquished.

Vanquished Creatures (collateral kills)
  The ghost of dorian the Conjurer, an amateur OpCj (D:4)
  A worker ant (D:4)
  Natasha (D:2)
3 creatures vanquished.

Grand Total: 87 creatures vanquished

Notes
Turn   | Place    | Note
--------------------------------------------------------------
     0 | D:1      | lucasterio the High Elf Wizard began the quest for the Orb.
     0 | D:1      | Reached XP level 1. HP: 11/11 MP: 6/6
   166 | D:1      | Reached XP level 2. HP: 12/17 MP: 0/7
   242 | D:1      | Reached skill level 4 in Spellcasting
   605 | D:1      | Reached XP level 3. HP: 12/21 MP: 0/9
   817 | D:2      | Noticed Natasha
   905 | D:2      | Found a burning altar of Makhleb.
  1106 | D:2      | Reached XP level 4. HP: 27/27 MP: 6/11
  1113 | D:2      | Found an opulent altar of Gozag.
  1288 | D:2      | Killed Natasha
  1303 | D:2      | Learned a level 2 spell: Blink
  1306 | D:2      | Learned a level 2 spell: Call Imp
  1310 | D:2      | Learned a level 3 spell: Mephitic Cloud
  1858 | D:2      | Noticed an ogre
  1867 | D:2      | Killed an ogre
  1867 | D:2      | Reached skill level 5 in Spellcasting
  1867 | D:2      | Reached XP level 5. HP: 10/31 MP: 2/13
  2084 | D:2      | Noticed Natasha
  2089 | D:2      | Killed Natasha
  2240 | D:2      | Noticed Natasha
  2243 | D:2      | Killed Natasha
  2243 | D:2      | Reached skill level 5 in Conjurations
  2927 | D:3      | Found a bloodstained altar of Trog.
  3098 | D:3      | Reached XP level 6. HP: 36/36 MP: 9/15
  3486 | D:4      | Found a burning altar of Makhleb.
  3511 | D:4      | Reached skill level 6 in Conjurations
  3684 | D:4      | Learned a level 4 spell: Iskenderun's Mystic Blast
  3744 | D:4      | Noticed dorian's ghost (amateur OpCj)
  3757 | D:4      | Killed dorian's ghost
  3978 | D:4      | Reached XP level 7. HP: 41/41 MP: 13/17
  4185 | D:4      | Reached skill level 7 in Conjurations
  4595 | D:4      | Noticed Pikel
  4766 | D:4      | Mangled by Pikel

Action                   |  1- 3 |  4- 6 |  7- 9 || total
-------------------------+-------+-------+-------++-------
Melee: Whip              |     7 |       |       ||     7
       Dagger            |     3 |     2 |       ||     5
 Cast: Magic Dart        |    56 |   147 |    37 ||   240
       Call Imp          |       |     7 |     4 ||    11
       Blink             |       |       |     2 ||     2
       Iskenderun's Myst |       |       |     1 ||     1
  Eat: Chunk             |       |     8 |     1 ||     9
       Beef jerky        |       |       |     1 ||     1
